Map: Apotheosis LE

Players

Elazer

  • Race: Zerg Zerg
  • League: Master

Optimus - Winner!

  • Race: Terran Terran

Event: DreamHack ZOWIE Open Valencia 2016

VOD

Have the link to the VOD?

Description

Time

  • Played on: July 14, 2016, 11:42 a.m.
  • Length: 4:41

All games in this series

Show
View Real Time Build Order
Export as new Build Order

Elazer Zerg 

Build Orders: Hatch First 

Get SALT Encoding   

  12  0:00  Drone  
  13  0:12  Overlord  
  13  0:18  Drone  
  14  0:31  Drone x2  
  14  0:34  Drone  
  17  0:52  Hatchery  
  17  0:55  Drone  
  17  0:58  Drone  
  18  1:09  Extractor  
  17  1:12  Spawning Pool  
  16  1:23  Overlord  
  16  1:40  Drone  
  17  1:59  Zergling x2, Queen  
  17  2:00  Zergling x4  
  22  2:03  Spine Crawler  
  21  2:12  Zergling x4  
  23  2:20  Queen  
  24  2:28  Metabolic Boost  
  23  2:34  Zergling x2  
  24  2:46  Queen  
  26  2:53  Zergling x4  
  26  2:57  Zergling x2  
  27  3:08  Zergling x6  
  29  3:19  Zergling x4  
  28  3:21  Zergling x2  
  29  3:30  Zergling x2  
  29  3:31  Zergling x2  
  31  3:39  Zergling x2  
  31  3:40  Zergling x2  
  29  3:55  Zergling x4  
  28  4:01  Zergling x2  
  28  4:06  Zergling x4  
  30  4:13  Zergling x2  
  30  4:19  Zergling x4  
  30  4:23  Zergling x2  
Show
View Real Time Build Order
Export as new Build Order

Optimus Terran - Winner!

Build Orders:  

Get SALT Encoding   

  12  0:08  Supply Depot  
  12  0:14  SCV  
  13  0:42  Barracks  
  13  0:45  Refinery  
  13  0:54  Barracks  
  13  0:59  SCV  
  14  1:29  Barracks, Reaper  
  15  1:38  Refinery  
  15  1:45  Reaper  
  16  1:57  Orbital Command  
  16  2:04  Reaper  
  17  2:18  Reaper  
  18  2:35  Reaper  
  18  2:37  Reaper  
  20  2:43  Bunker  
  20  2:50  Reaper  
  21  2:57  Supply Depot  
  21  3:04  SCV  
  21  3:07  Reaper  
  21  3:11  Reaper  
  23  3:22  SCV  
  23  3:23  Reaper  
  25  3:39  Reaper  
  26  3:43  Reaper  
  27  3:55  SCV, Reaper  
  29  4:07  SCV  
  31  4:21  Supply Depot  

Tags
 
Add a new tag
Caveats
  • Supply blocks, unpowered buildings, or Contaminate may cause inaccurate times.
  • Supply counts are checked every 10 seconds.